 Dungeon Crawl Stone Soup version 0.30-a0-305-g026cb31310 (webtiles) character file.

Game seed: 13607732496715155972

137 Lanoc the Digger (level 5, -4/28 HPs)
             Began as a Deep Elf Earth Elementalist on Oct 22, 2022.
             Was a Priest of Zin.
             Slain by a gnoll sergeant
             ... wielding a +0 spear
              (13 damage)
             ... on level 3 of the Dungeon.
             The game lasted 00:04:58 (2736 turns).

Lanoc the Digger (Deep Elf Earth Elementalist)      Turns: 2736, Time: 00:04:58

Health: -4/28      AC:  2    Str:  5    XL:     5   Next: 0%
Magic:  7/11       EV: 13    Int: 22    God:    Zin [***...]
Gold:   128        SH:  0    Dex: 15    Spells: 7/10 levels left

rFire   . . .      SeeInvis .    (no weapon)
rCold   . . .      Faith    .    (no shield)
rNeg    . . .      Spirit   .    a - +0 robe
rPois   .          Reflect  .    (no helmet)
rElec   .          Harm     .    (no cloak)
rCorr   .          Rampage  .    (no gloves)
Will    .....                    (no boots)
Stlth   ++........               (no amulet)
HPRegen 0.24/turn                q - ring of flight
MPRegen 0.12/turn                (no ring)

@: reciting, flying
A: no striking features
a: Renounce Religion, Recite, Vitalisation, Imprison, Donate Gold


You were on level 3 of the Dungeon.
You worshipped Zin.
Zin was most pleased with you.
You visited 1 branch of the dungeon, and saw 3 of its levels.

You collected 237 gold pieces.
You spent 86 gold pieces at shops.
You donated 23 gold pieces to Zin.

Inventory:

Armour
 a - a +0 robe (worn)
Jewellery
 q - a ring of flight (left hand)
Scrolls
 c - a scroll of noise {unknown}
 d - 4 scrolls of teleportation {unknown}
 f - 4 scrolls of identify {unknown}
 h - 3 scrolls of enchant weapon {unknown}
 i - a scroll of enchant armour {unknown}
 j - a scroll of poison {unknown}
 k - a scroll of brand weapon {unknown}
 n - a scroll of vulnerability {unknown}
 r - a scroll of magic mapping {unknown}
Potions
 b - a potion of magic
 e - 2 potions of heal wounds {unknown}
 g - a potion of ambrosia {unknown}
 l - a potion of berserk rage {unknown}
 m - a potion of curing {unknown}
 o - a potion of invisibility {unknown}
 p - a potion of haste {unknown}


   Skills:
 + Level 4.0 Dodging
 - Level 2.4 Stealth
 - Level 3.0 Spellcasting
 + Level 0.0 Conjurations
 - Level 1.1 Transmutations
 * Level 5.5 Earth Magic


You had 7 spell levels left.
You knew the following spells:

 Your Spells              Type           Power      Damage    Failure   Level
a - Sandblast             Erth           54%        2d13      1%          1
b - Passwall              Tmut/Erth      14%        N/A       4%          2

Your spell library contained the following spells:

 Spells                   Type           Power      Damage    Failure   Level
 Stone Arrow              Conj/Erth      30%        3d8       12%         3
 Petrify                  Tmut/Erth      17%        N/A       32%         4
 Dazzling Flash           Conj/Hex       6%         N/A       36%         3
 Summon Guardian Golem    Hex/Summ       3%         N/A       36%         3
 Iskenderun's Mystic Bla  Conj/Tloc      3%         2d3       77%         4
 Starburst                Conj/Fire      1%         6d3       100%        6
 Orb of Destruction       Conj           1%         9d5       100%        7
 Spellforged Servitor     Conj/Summ      1%         N/A       100%        7


Dungeon Overview and Level Annotations

Branches:
Dungeon (3/15)

Altars:
Hepliaklqana
Zin

Shops:
D:3 *


Message History

Press: ? - help, Shift-Dir - straight line, f - bat
Aim: a bat (74% to hit)
The blast of sand misses the bat.
The blast of sand hits the gnoll sergeant.
The gnoll sergeant is lightly wounded.
The endoplasm quivers.
The bat hits you but does no damage. The bat barely misses you.
The bat closely misses you.
The gnoll sergeant hits you from afar with a +0 spear!
Ouch! That really hurt!
The gnoll sergeant closely misses you.
Casting: Sandblast (safe; 1% risk of failure)
Confirm with . or Enter, or press ? or * to list all spells.
Aiming: Sandblast (safe; 1% risk of failure)
Press: ? - help, Shift-Dir - straight line, f/p - bat
Aim: a bat (74% to hit)
The blast of sand hits the bat!
You kill the bat!
The gnoll sergeant hits you from afar with a +0 spear.
* * * LOW HITPOINT WARNING * * *
The endoplasm completely misses you.
You have reached level 5!
Activating: Recite (8% risk of failure)
Press: ? - help, Dir - look around, f - activate You clear your throat and prepare to recite. "For those who would enter Zin's holy bosom..."
The endoplasm hits you but does no damage.
The gnoll sergeant barely misses you.
Okay, then.
Casting: Sandblast (safe; 1% risk of failure)
Confirm with . or Enter, or press ? or * to list all spells.
Aiming: Sandblast (safe; 1% risk of failure)
Press: ? - help, Shift-Dir - straight line, f - endoplasm
Aim: an endoplasm (98% to hit)
The blast of sand hits the endoplasm!!
You kill the endoplasm! "...and live in loyalty, Zin provideth.
Such is..."
The gnoll sergeant is dazed by your recitation.
The gnoll sergeant hits you from afar with a +0 spear!
You die...

#.# ######..#+
#.....## #.#
#...'....##.....##
##....# #.#
#.###....#!.....$#
#...#.# #.###.#
##..##$..8..$
##....# ..>>..#
##'## ..... ######
.#.##.# ##..##..B.
.>#.#.# #....##g.
###
#.##.<####..†.'#J#
###.# #
.........##..##.@##
#...######
#.#.......####)...+
#.........
#.#....#### #....#
##...#####.
....#.##
##..######....# #.
#.#.#†# ####
#...###.# ##
#.#.#.# #..# #.#
#.#.#.# #..####.#
#.#.#.# #..<....#
#.#.#.# #..######


You could see a gnoll sergeant (dazed), an endoplasm and a giant cockroach.

Vanquished Creatures
  An orc priest (D:3)
  4 adders
  A dart slug (D:2)
  5 orcs (D:3)
  9 bats
  3 endoplasms
  5 giant cockroaches
  9 goblins
  5 hobgoblins
  4 jackals (D:1)
  3 kobolds (D:1)
  3 quokkas (D:1)
  5 ball pythons
  2 frilled lizards
  5 rats
64 creatures vanquished.

Notes
Turn   | Place    | Note
-------+----------+-------------------------------------------
     0 | D:1      | Lanoc the Deep Elf Earth Elementalist began the quest for
                  | the Orb.
     0 | D:1      | Reached XP level 1. HP: 10/10 MP: 6/6
   251 | D:1      | Reached XP level 2. HP: 12/15 MP: 1/8
   584 | D:1      | Reached skill level 4 in Earth Magic
  1139 | D:2      | Found a faded altar of an unknown god.
  1181 | D:2      | Prayed at the altar of an unknown god.
  1181 | D:2      | Became a worshipper of Zin the Law-Giver
  1181 | D:2      | Reached * piety under Zin
  1201 | D:2      | Reached XP level 3. HP: 19/19 MP: 7/9
  1311 | D:2      | Reached ** piety under Zin
  1363 | D:2      | Found a hazy altar of Hepliaklqana.
  1708 | D:2      | Reached *** piety under Zin
  2060 | D:3      | Reached XP level 4. HP: 24/24 MP: 6/10
  2175 | D:3      | Found Bexeum's Assorted Antiques.
  2183 | D:3      | Bought a red potion for 20 gold pieces
  2183 | D:3      | Bought 2 scrolls labelled TAYNWI TESHRERO for 46 gold
                  | pieces
  2183 | D:3      | Bought a grey potion for 20 gold pieces
  2205 | D:3      | Reached skill level 5 in Earth Magic
  2475 | D:3      | Learned a level 2 spell: Passwall
  2732 | D:3      | Noticed a gnoll sergeant
  2735 | D:3      | Reached XP level 5. HP: 8/28 MP: 8/11
  2736 | D:3      | Slain by a gnoll sergeant

Illustrated notes

Levels and vault maps discovered:
D:1:      giann_forest_graveyard, layout_basic, minmay_misc_feat_columns
D:2:      cheibrodos_greedy_goblins, layout_basic, basic_altar,
          basic_ecumenical_altar
D:3:      minmay_bubble_buster, layout_loops_ring, serial_shops, shop_fountains

Skill      XL: |  1  2  3  4 |
---------------+-------------+-----
Earth Magic    | 4 5 |  5.5
Dodging        | 3 4 |  4.0
Stealth        | |  2.4
Spellcasting   | |  3.0
Transmutations | |  1.1

Action                   |  1- 3 |  4- 6 || total
-------------------------+-------+-------++-------
Melee: Unarmed           |     9 |       ||     9
       Punch             |     1 |       ||     1
 Cast: Sandblast         |    59 |    30 ||    89
       Passwall          |       |     3 ||     3
Invok: Recite            |       |     1 ||     1
Armor: Robe              |     7 |     3 ||    10
Dodge: Dodged            |    35 |    13 ||    48

Table legend: (Time is in decaauts)
 A = Elapsed time spent in this place.
 B = Non-inter-level travel time spent in this place.
 C = Inter-level travel time spent in this place.
 D = Time resting spent in this place.
 E = Time spent auto-exploring this place.
 F = Levels seen in this place.
 G = Mean time per level.
                   A        B        C        D        E       F      G
               +--------+--------+--------+--------+--------+-----+--------+
         Total |   2778 |   2690 |     88 |      0 |   2374 |   3 |  926.0 |
       Dungeon |   2778 |   2690 |     88 |      0 |   2374 |   3 |  926.0 |
               +--------+--------+--------+--------+--------+-----+--------+

Top non-repeatable levels by time:
     D:1: 1077 daAuts
     D:2: 993 daAuts
     D:3: 708 daAuts
